 Dungeon Crawl Stone Soup version 0.26-a0-812-g31a745ddcd (webtiles) character file.

Game seed: 7119685060734802254

554 Apogee the Covert (level 7, -4/40 HPs)
             Began as a Kobold Hunter on Dec 5, 2020.
             Slain by a black bear (9 damage)
             ... on level 5 of the Dungeon.
             The game lasted 00:05:57 (5037 turns).

Apogee the Covert (Kobold Hunter)                   Turns: 5037, Time: 00:05:58

Health: -4/40      AC:  5    Str: 10    XL:     7   Next: 55%
Magic:  7/7        EV: 16    Int: 12    God:
Gold:   161        SH:  0    Dex: 17    Spells: 6/6 levels left

rFire    . . .     SeeInvis .   a - +1 hand crossbow
rCold    . . .     Faith    .   (shield restricted)
rNeg     . . .     Spirit   .   r - +0 leather armour
rPois    .         Reflect  .   u - +0 helmet
rElec    .         Harm     .   (no cloak)
rCorr    .         Rampage  .   (no gloves)
MR       .....                  o - +0 pair of boots
Stlth    +++++.....             (no amulet)
HPRegen  0.13/turn              (no ring)
MPRegen  0.10/turn              (no ring)

@: no status effects
A: small, nightstalker 3
a: no special abilities


You were on level 5 of the Dungeon.
You visited 1 branch of the dungeon, and saw 5 of its levels.

You collected 161 gold pieces.

Inventory:

Hand Weapons
 a - a +1 hand crossbow (weapon)
 b - a +0 short sword
 x - the +7 spear of Douroj {pain, Dex+3 Stlth+}
   (You found it on level 5 of the Dungeon)

   In the hands of one skilled in necromantic magic, it inflicts extra damage on
   living creatures.
   It affects your dexterity (+3).
   It makes you more stealthy.
Missiles
 v - 5 bolts (quivered)
Armour
 o - a +0 pair of boots (worn)
   (You found it on level 3 of the Dungeon)
 r - a +0 leather armour (worn)
 u - a +0 helmet (worn)
   (You found it on level 4 of the Dungeon)
Jewellery
 w - a +6 ring of intelligence {unknown}
   (You found it on level 5 of the Dungeon)
Wands
 c - a wand of disintegration (18)
   (You found it on level 3 of the Dungeon)
 d - a wand of iceblast (9)
   (You found it on level 5 of the Dungeon)
Scrolls
 e - 11 scrolls of identify {unknown}
 g - 4 scrolls of teleportation {unknown}
 j - 4 scrolls of remove curse {unknown}
 k - a scroll of fear {unknown}
 l - 2 scrolls of enchant armour {unknown}
 m - a scroll of enchant weapon {unknown}
 n - 3 scrolls of fog {unknown}
 t - 2 scrolls of amnesia {unknown}
Potions
 f - 3 potions of curing {@q1}
 h - a potion of berserk rage {unknown}
 i - a potion of degeneration {unknown}
 p - a potion of might {unknown}
 q - a potion of attraction {unknown}
 s - a potion of haste {unknown}


   Skills:
 - Level 2.1 Fighting
 - Level 5.0 Short Blades
 - Level 4.8 Crossbows
 + Level 3.6 Dodging
 + Level 8.6 Stealth


You had 6 spell levels left.
You didn't know any spells.
Your spell library was empty.

Dungeon Overview and Level Annotations

Branches:
Dungeon (5/15)
 Temple: D:4-7

Altars:

Shops:
D:5 *

Annotations:
D:4 2 transporters


Innate Abilities, Weirdness & Mutations

You are small and have problems with some larger weapons.
You are completely attuned to the shadows.


Message History

You shoot a bolt. The bolt hits the gnoll.
The gnoll completely misses you.
You shoot a bolt. The bolt hits the gnoll!
You kill the gnoll!
v - 10 bolts (gained 5)
Things that are here:
a +0 spear; a gnoll corpse
v - 11 bolts (gained 1)
v - 12 bolts (gained 1)
Things that are here:
a +0 spear; a gnoll corpse
Things that are here:
a +0 mace; a +0 ring mail
Found a stone staircase leading down.
There is an open door here.
There is an escape hatch in the ceiling here.
You open the door.
There is an open door here.
You open the door.
There is an open door here.
There is an open door here.
There is an open door here.
There is an open door here.
There is an open door here.
There is an open door here.
There is an open door here.
There is an open door here.
A black bear comes into view.
A black bear is nearby!
You shoot a bolt. The bolt hits the black bear.
The black bear growls angrily.
You shoot a bolt. The bolt closely misses the black bear.
You shoot a bolt. The bolt hits the black bear!
The black bear bites you.
The black bear claws you but does no damage.
The black bear claws you.
You shoot a bolt. The bolt hits the black bear.
The black bear bites you but does no damage.
The black bear closely misses you. The black bear claws you.
You shoot a bolt. The bolt hits the black bear!
The black bear goes berserk!
You shoot a bolt. The bolt closely misses the black bear.
The black bear bites you! The black bear barely misses you.
The black bear claws you. The black bear bites you!
* * * LOW HITPOINT WARNING * * *
The black bear claws you.
* * * LOW HITPOINT WARNING * * *
The black bear claws you.
* * * LOW HITPOINT WARNING * * *
Firing (i - inventory)
v - 6 bolts (quivered)
Aim: a black bear (severely wounded, berserk)
You shoot a bolt. The bolt hits the black bear.
The black bear bites you!
You die...

###### ## .....#
######... ####.#
###...@h(.( #
#.# ##....##....
####.#####..####
##..
##......#.### #
.#.#.##..#####
...#.#######.##
...#.# #.....#
.....# #...<.#
...### #.....#


You could see a black bear (berserk).

Vanquished Creatures
  An ogre (D:5)
  2 scorpions (D:5)
  A howler monkey (D:5)
  An orc wizard (D:5)
  Jessica (D:2)
  Natasha (twice) (D:2)
  2 worker ants
  A worker ant zombie (D:5)
  5 adders
  3 gnolls (D:5)
  A shadow imp (D:5)
  A white imp (D:4)
  2 adder skeletons
  2 worms
  3 dart slugs
  3 leopard geckos
  6 orcs
  4 bats
  5 giant cockroaches
  A goblin (D:3)
  8 hobgoblins
  A quokka (D:5)
  3 frilled lizards
  6 kobolds
  A leopard gecko zombie (D:4)
  9 rats
75 creatures vanquished.

Vanquished Creatures (others)
  6 plants (D:4)
6 creatures vanquished.

Grand Total: 81 creatures vanquished

Notes
Turn   | Place    | Note
-------+----------+-------------------------------------------
     0 | D:1      | Apogee the Kobold Hunter began the quest for the Orb.
     0 | D:1      | Reached XP level 1. HP: 12/12 MP: 1/1
   104 | D:1      | Reached skill level 1 in Short Blades
   110 | D:1      | Reached skill level 2 in Stealth
   311 | D:1      | Reached XP level 2. HP: 17/17 MP: 2/2
   618 | D:2      | Reached skill level 3 in Stealth
   618 | D:2      | Reached XP level 3. HP: 21/21 MP: 3/3
   765 | D:2      | Noticed Jessica
   769 | D:2      | Killed Jessica
   769 | D:2      | Reached skill level 4 in Stealth
   769 | D:2      | Reached XP level 4. HP: 26/26 MP: 4/4
   832 | D:2      | Noticed Natasha
   839 | D:2      | Killed Natasha
   962 | D:2      | Reached XP level 5. HP: 10/30 MP: 5/5
  1435 | D:2      | Noticed Natasha
  1442 | D:2      | Killed Natasha
  1442 | D:2      | Reached skill level 5 in Stealth
  3040 | D:4      | Reached XP level 6. HP: 35/35 MP: 6/6
  3237 | D:4      | Found a transporter.
  3252 | D:4      | Found a transporter.
  3363 | D:5      | Entered Level 5 of the Dungeon
  3425 | D:5      | Reached skill level 5 in Short Blades
  3425 | D:5      | Reached skill level 6 in Stealth
  3661 | D:5      | Noticed an ogre
  3668 | D:5      | Killed an ogre
  3668 | D:5      | Reached skill level 7 in Stealth
  3673 | D:5      | Reached XP level 7. HP: 22/40 MP: 7/7
  3871 | D:5      | Reached skill level 8 in Stealth
  4169 | D:5      | Got a smoking spear
  4174 | D:5      | Identified the +7 spear of Douroj {pain, Dex+3 Stlth+} (You
                  | found it on level 5 of the Dungeon)
  4622 | D:5      | Found Rodaes's Assorted Antiques.
  5037 | D:5      | Slain by a black bear

Illustrated notes

Levels and vault maps discovered:
D:1:      roderic_crossed_star, layout_rooms, minmay_fountain_box,
          grunt_decor_junction, hangedman_abyss_or_decor_stabs,
          supply_closet_lemuel
D:2:      layout_basic, minmay_misc_feat_encased, uniq_natasha, uniq_jessica
D:3:      layout_rooms
D:4:      layout_cave_pools, gammafunk_ghost_gnarly_gnolls, glass_columns_b
D:5:      black_bear_nest_1, layout_loops_corners,
          nicolae_ru_the_path_less_chosen, serial_shops, shop_statue

Skill      XL: |  1  2  3  4  5  6  7 |
---------------+----------------------+-----
Short Blades   | 1 2 3 4 5 |  5.0
Stealth        | 2 3 4 5 7 8 |  8.6
Dodging        | 3 |  3.6
Fighting       | |  2.1
Crossbows      | |  4.8

Action                   |  1- 3 |  4- 6 |  7- 9 || total
-------------------------+-------+-------+-------++-------
Melee: Short sword       |    66 |   122 |    42 ||   230
 Fire: Hand crossbow     |       |    37 |    33 ||    70
  Use: Potion            |       |       |     1 ||     1
 Stab: Sleeping          |     8 |    19 |     2 ||    29
Armor: Leather armour    |    13 |    14 |     9 ||    36
Dodge: Dodged            |    34 |    78 |    29 ||   141

Table legend: (Time is in decaauts)
 A = Elapsed time spent in this place.
 B = Non-inter-level travel time spent in this place.
 C = Inter-level travel time spent in this place.
 D = Time resting spent in this place.
 E = Time spent auto-exploring this place.
 F = Levels seen in this place.
 G = Mean time per level.
                   A        B        C        D        E       F      G
               +--------+--------+--------+--------+--------+-----+--------+
         Total |   5036 |   4971 |     65 |    163 |   4165 |   5 | 1007.2 |
       Dungeon |   5036 |   4971 |     65 |    163 |   4165 |   5 | 1007.2 |
               +--------+--------+--------+--------+--------+-----+--------+

Top non-repeatable levels by time:
     D:5: 1677 daAuts
     D:2: 1268 daAuts
     D:3: 746 daAuts
     D:4: 726 daAuts
     D:1: 616 daAuts
